 Dungeon Crawl Stone Soup version 0.20.1-1-g8b1a95d (webtiles) character file.

7 digijack the Stinger (level 2, -2/17 HPs)
             Began as an Octopode Venom Mage on Jan 1, 2018.
             Slain by a hobgoblin
             ... wielding a +0 club
              (4 damage)
             ... on level 1 of the Dungeon.
             The game lasted 00:02:49 (237 turns).

digijack the Stinger (Octopode Venom Mage)           Turns: 237, Time: 00:02:50

Health: -2/17      AC:  1    Str:  7    XL:     2   Next: 4%
Magic:  0/5        EV: 13    Int: 17    God:
Gold:   9          SH:  0    Dex: 12    Spells: 4/5 levels left

rFire    . . .     SeeInvis .   (no weapon)
rCold    . . .     Gourm    .   (no shield)
rNeg     . . .     Faith    .   (helmet restricted)
rPois    .         Spirit   .   (no amulet)
rElec    .         Reflect  .   (no ring)
rCorr    .         Harm     .   (no ring)
MR       .....                  (no ring)
Stlth    +++.......             (no ring)
Regen    0.1/turn               (no ring)
MPRegen  0.1/turn               (no ring)
                                (no ring)
                                (no ring)

@: no status effects
A: almost no armour, stealthy swim, amphibious, 8 rings, constrict 8, camouflage
1, gelatinous body 1
a: no special abilities


You were on level 1 of the Dungeon.
You were not hungry.

You visited 1 branch of the dungeon, and saw 1 of its levels.

You collected 9 gold pieces.

Inventory:

Potions
 c - a potion of brilliance
Books
 a - a Young Poisoner's Handbook

   Spells                             Type                      Level
   a - Sting                          Conjuration/Poison           1
   b - Poisonous Vapours              Poison/Air                   2
   c - Mephitic Cloud                 Conjuration/Poison/Air       3
   d - Olgreb's Toxic Radiance        Poison                       4
   e - Venom Bolt                     Conjuration/Poison           5
Comestibles
 b - a bread ration
 d - a royal jelly


   Skills:
 + Level 2.1 Dodging
 + Level 3.1 Stealth
 + Level 0.0 Unarmed Combat
 + Level 2.0 Spellcasting
 + Level 1.0 Conjurations
 + Level 3.9 Poison Magic


You had 4 spell levels left.
You knew the following spells:

 Your Spells              Type           Power        Failure   Level  Hunger
a - Sting                 Conj/Pois      ##..         7%          1    #......


Dungeon Overview and Level Annotations

Branches:
Dungeon (1/15)

Altars:


Innate Abilities, Weirdness & Mutations

You cannot wear most types of armour.
You are very stealthy in the water. (Stealth+)
You are amphibious.
You can wear up to eight rings at the same time.
You can use your tentacles to constrict eight enemies at once.
Your skin changes colour to match your surroundings (Stealth+).
Your rubbery body absorbs attacks. (AC +1, EV +1)


Message History

You tentacle-slap the hobgoblin but do no damage.
The hobgoblin is moderately wounded.
You constrict the hobgoblin.
You kill the hobgoblin!
You have reached level 2!
You constrict the hobgoblin.
You release your grip on the hobgoblin.
The rat bites you. The hobgoblin hits you with a club.
* * * LOW HITPOINT WARNING * * *
Casting: Sting
Confirm with . or Enter, or press ? or * to list all spells.
Aiming: Sting
Press: ? - help, Shift-Dir - straight line, f/p - hobgoblin
Aim: a hobgoblin, wielding a club (heavily wounded)
The sting misses the hobgoblin.
The rat closely misses you.
The rat twitches its whiskers.
There is a stone staircase leading down here.
The hobgoblin hits you with a club.
You die...

...#.#.##....####.#.#
...#................#
####.###...#.####.###
#................#
#...###..........#.# #...#
#..##.######.# +...#
#(.....#####.. #...#
#.....###.##.### #...#
#)###.###@##... .# #...#
#.###..rg.##.####..#.
#...###....................
#........##...#...((...)...
########.##.######.##.....#
#.##'######.# ###.#
#.#......##.# ..#[.....##.#
###......##..


You could see a hobgoblin and a rat.

Vanquished Creatures
  A goblin (D:1)
  3 hobgoblins (D:1)
  A kobold (D:1)
  A frilled lizard (D:1)
6 creatures vanquished.

Notes
Turn   | Place    | Note
-------+----------+-------------------------------------------
     0 | D:1      | digijack the Octopode Venom Mage began the quest for the Orb.
     0 | D:1      | Reached XP level 1. HP: 11/11 MP: 3/3
   223 | D:1      | Reached XP level 2. HP: 7/17 MP: 0/5
   237 | D:1      | Slain by a hobgoblin

Skill      XL: |  1 |
---------------+----+-----
Stealth        | 3 |  3.1
Dodging        | |  2.1
Spellcasting   | |  2.0
Conjurations   | |  1.0
Poison Magic   | |  3.9

Action                   || total
-------------------------++-------
Melee: Unarmed           ||    10
       Constrict         ||     3
       Tentacles         ||     1
 Cast: Sting             ||    14
  Use: Scroll            ||     1
       Potion            ||     1
Armor: Skin              ||     2
Dodge: Dodged            ||     9
